 Dungeon Crawl Stone Soup version 0.30.1-4-g462c640d31 (webtiles) character file.

Game seed: 11704659078841053562

78429 SweetJohnnyV the Severer (level 15, -4/143 HPs)
             Began as a Minotaur Berserker on Aug 26, 2023.
             Was a High Priest of Trog.
             Killed from afar by a quicksilver dragon (20 damage)
             ... with a bolt of dispelling energy
             ... on level 2 of the Depths.
             The game lasted 01:04:17 (20806 turns).

SweetJohnnyV the Severer (Minotaur Berserker)      Turns: 20806, Time: 01:04:18

Health: -4/143     AC: 31    Str: 31 (32) XL:     15   Next: 18%
Magic:  0/14       EV: 12    Int:  3      God:    Trog [*****.]
Gold:   1239       SH:  9    Dex: 10      Spells: 14/14 levels left

rFire   . . .        I - +3 broad axe (heavy)
rCold   . . .        E - +1 kite shield
rNeg    . . .        d - +0 chain mail
rPois   .            q - +0 hat
rElec   .            A - +2 cloak {Will+}
rCorr   .            r - +2 pair of gloves
SInv    .            F - +0 pair of boots
Will    ++...        k - amulet of guardian spirit Stlth
                     H - +4 ring of protection
HPRegen 0.43/turn    f - +4 ring of protection
MPRegen 0.14/turn

%: guardian spirit
@: on berserk cooldown
A: horns 2, retaliatory headbutt, deterioration 1, strong 1, wild magic 1
a: Renounce Religion, Berserk, Trog's Hand, Brothers in Arms


You were on level 2 of the Depths.
You worshipped Trog.
Trog was extremely pleased with you.
You visited 3 branches of the dungeon, and saw 18 of its levels.
You also visited: Ice Cave.

You collected 1239 gold pieces.

Inventory:

Hand Weapons
 a - a +1 heavy dire flail
 I - a +3 heavy broad axe (weapon)
 N - a +2 heavy war axe
Missiles
 j - 3 throwing nets
Armour
 d - a +0 chain mail (worn)
 q - a +0 hat (worn)
 r - a +2 pair of gloves (worn)
 A - a +2 cloak of willpower (worn)
 E - a +1 kite shield (worn)
 F - a +0 pair of boots (worn)
Jewellery
 c - a +5 ring of evasion
 f - a +4 ring of protection (right hand)
 k - an amulet of guardian spirit (around neck)
 u - a ring of protection from cold
 B - a ring of see invisible
 D - an amulet of the acrobat
 H - a +4 ring of protection (left hand)
 K - a ring of flight
Wands
 v - a wand of flame (15)
 x - a wand of mindburst (18)
 y - a wand of polymorph (20)
 C - a wand of digging (5)
 G - a wand of acid (5)
 O - a wand of charming (3)
Scrolls
 e - a scroll of enchant armour
 i - a scroll of butterflies
 o - 12 scrolls of identify
 s - 4 scrolls of teleportation
 t - a scroll of enchant weapon
 J - 4 scrolls of blinking
 L - a scroll of silence
 M - a scroll of magic mapping
Potions
 b - 2 potions of heal wounds
 g - 2 potions of ambrosia
 l - 5 potions of might
 m - 2 potions of resistance {unknown}
 n - 9 potions of curing
 p - 2 potions of attraction {unknown}
 w - 2 potions of cancellation
Miscellaneous
 h - a piece from Xom's chessboard (15/15)


   Skills:
 + Level 15.9 Fighting
 + Level 19.5(20.0) Axes
 + Level 1.6(12.9) Maces & Flails
 + Level 6.7(14.4) Polearms
 + Level 16.6 Armour
 + Level 9.6 Dodging
 + Level 4.5 Shields


You had 14 spell levels left.
You didn't know any spells.
Your spell library was empty.

Dungeon Overview and Level Annotations

Branches:
Dungeon (15/15)            Temple (0/1) D:4            Lair (0/5) D:10
    Orc (1/2) D:12         Vaults (0/5) D:14         Depths (2/4) D:15
  IceCv (visited)

Altars:
Ashenzari
Dithmenos
Elyvilon
Fedhas
Hepliaklqana
Makhleb
Okawaru
Ru
Sif Muna
Trog
Uskayaw
Vehumet
Wu Jian
Yredelemnul
The Shining One

Shops:
D:12 (   Depths:2 :

Portals:
Hell: Depths:1 Depths:2
Pandemonium: Depths:2


Innate Abilities, Weirdness & Mutations

You have a pair of horns on your head.
You reflexively headbutt those who attack you in melee.
Your body sometimes deteriorates upon taking damage.
Your muscles are strong. (Str +4, Int/Dex -1)
Your spells are a little harder to cast, but a little more powerful.


Message History

You block the quicksilver dragon's attack.
The quicksilver dragon claws you but does no damage.
The quicksilver dragon bites you but does no damage.
You block the quicksilver dragon's attack.
You feel much better.
You feel yourself speed up.
The quicksilver dragon breathes dispelling energy at you.
The bolt of dispelling energy hits you!!
* * * LOW HITPOINT WARNING * * *
Your body deteriorates!
You feel weakened.
The quicksilver dragon bites you but does no damage.
The quicksilver dragon claws you but does no damage.
As you read the scroll of teleportation, it crumbles to dust.
You feel strangely unstable.
The quicksilver dragon breathes dispelling energy at you.
The bolt of dispelling energy hits you but does no damage.
You feel strangely stable. The quicksilver dragon bites you!
* * * LOW HITPOINT WARNING * * *
The quicksilver dragon claws you!
* * * LOW HITPOINT WARNING * * *
The quicksilver dragon attacks as you move away!
You block the quicksilver dragon's attack.
The quicksilver dragon claws you but does no damage.
The quicksilver dragon attacks as you move away!
The quicksilver dragon bites you but does no damage.
The quicksilver dragon claws you but does no damage.
The quicksilver dragon breathes dispelling energy at you.
The bolt of dispelling energy hits you.
* * * LOW HITPOINT WARNING * * *
The quicksilver dragon breathes dispelling energy at you.
The bolt of dispelling energy hits you.
* * * LOW HITPOINT WARNING * * *
The quicksilver dragon attacks as you move away!
The quicksilver dragon barely misses you.
You furiously retaliate!
You headbutt the quicksilver dragon.
The quicksilver dragon claws you but does no damage.
The quicksilver dragon breathes dispelling energy at you.
The bolt of dispelling energy hits you!!
You die...

###......+ ###..).#####
###....####
###....###..# #
###....###....###.##
###....###....#.##....
###....###....###.##....
#.#....###....###
..##....
..........@.D###
...##.... .#############
#######... #... ##.. #..
#..


You could see a quicksilver dragon (catching breath).

Vanquished Creatures
  A juggernaut (Depths:2)
  A sphinx (Depths:1)
  Kirke (D:14)
  A shadow dragon (Depths:2)
  A fire giant (Depths:1)
  A frost giant (D:15)
  The ghost of Zeor the Fencer, a journeyman MiMo of Zin (D:12)
  A stone giant (Depths:1)
  2 vampire knights (Depths:1)
  An ettin (Depths:2)
  Snorg (Orc:1)
  2 fire dragons
  Erolcha (D:10)
  2 rakshasas (Depths:1)
  5 ice dragons
  Erica (Orc:1)
  2 ogre magi
  A spriggan air mage (Depths:2)
  A hydra (D:13)
  12 centaur warriors
  2 catoblepae (D:13)
  5 tengu warriors
  5 two-headed ogres
  3 death yaks (IceCv)
  3 boulder beetles
  A deep elf knight (D:14)
  A spriggan berserker (Depths:2)
  6 skeletal warriors
  An orc knight (D:14)
  3 wizards (D:15)
  2 deep elf zephyrmancers (D:14)
  2 cyclopes
  6 ugly things
  A deep elf pyromancer (D:14)
  A wolf spider (D:13)
  9 manticores
  Maurice (D:9)
  2 gargoyles (D:12)
  Maggie (D:6)
  2 efreet
  4 centaur skeletons (D:14)
  2 tengu conjurers
  4 unseen horrors
  6 yaktaurs
  5 polar bears (IceCv)
  4 meliai
  6 trolls
  A merfolk (D:11)
  A blink frog (shapeshifter) (D:13)
  A slime creature (shapeshifter) (D:10)
  2 shadows (D:12)
  2 centaur simulacra
  2 wraiths
  2 vampires
  A wyvern (D:9)
  30 yaks
  2 steam dragons
  2 basilisks
  7 hogs (D:14)
  8 vampire mosquitoes
  An acid dragon (D:12)
  A floating eye (Depths:1)
  2 water moccasins
  7 orc warriors
  6 ice beasts
  2 sky beasts
  A black bear (D:6)
  4 ogres
  16 wolves (IceCv)
  18 centaurs
  A phantom (D:4)
  6 kobold brigands
  4 bullfrogs
  2 gnoll sergeants
  A scorpion (D:6)
  3 wights (D:8)
  13 killer bees
  2 howler monkeys (D:6)
  2 electric eels
  A crimson imp (D:6)
  5 jellies
  2 hounds
  11 orc priests
  A gnoll bouda (D:8)
  2 sleepcaps (D:7)
  2 iguanas (D:5)
  10 orc wizards
  13 gnolls
  9 adders
  A shadow imp (D:5)
  3 white imps
  An ufetubus (D:5)
  A dart slug (D:1)
  3 worms
  35 orcs
  A bat (D:1)
  9 endoplasms
  5 giant cockroaches
  14 goblins
  8 hobgoblins
  7 jackals (D:2)
  27 kobolds
  2 quokkas (D:2)
  5 ball pythons
  2 frilled lizards
  7 rats
467 creatures vanquished.

Notes
Turn   | Place    | Note
-------+----------+-------------------------------------------
     0 | D:1      | SweetJohnnyV the Minotaur Berserker began the quest for the
                  | Orb.
     0 | D:1      | Reached XP level 1. HP: 19/19 MP: 0/0
   322 | D:1      | Reached XP level 2. HP: 23/27 MP: 1/1
   324 | D:1      | Reached skill level 4 in Axes
   557 | D:1      | Found a faded altar of an unknown god.
   586 | D:1      | Reached skill level 1 in Maces & Flails
   709 | D:1      | Reached XP level 3. HP: 30/33 MP: 2/2
  1198 | D:2      | Reached ** piety under Trog
  1280 | D:2      | Reached XP level 4. HP: 41/41 MP: 3/3
  2044 | D:3      | Found a burning altar of Makhleb.
  3145 | D:4      | Noticed a kobold brigand
  3152 | D:4      | Killed a kobold brigand
  3153 | D:4      | Reached XP level 5. HP: 26/47 MP: 4/4
  3262 | D:4      | Found a staircase to the Ecumenical Temple.
  3346 | D:4      | Reached skill level 1 in Polearms
  3398 | D:4      | Found a hide-covered altar of Uskayaw.
  3400 | D:4      | Noticed a phantom
  3415 | D:4      | Reached skill level 5 in Axes
  3418 | D:4      | Reached XP level 6. HP: 7/55 MP: 5/5
  3421 | D:4      | Reached skill level 5 in Armour
  3649 | D:4      | Reached *** piety under Trog
  3650 | D:4      | Reached skill level 5 in Fighting
  4058 | D:5      | Entered Level 5 of the Dungeon
  4115 | D:5      | Noticed a water moccasin
  4124 | D:5      | Killed a water moccasin
  4125 | D:5      | Reached XP level 7. HP: 57/61 MP: 6/6
  4390 | D:5      | Found a glowing golden altar of the Shining One.
  4391 | D:5      | Found a radiant altar of Vehumet.
  4391 | D:5      | Found a basalt altar of Yredelemnul.
  4392 | D:5      | Found a sacrificial altar of Ru.
  4721 | D:6      | Reached XP level 8. HP: 62/70 MP: 7/7
  4869 | D:6      | Noticed Maggie
  4879 | D:6      | Killed Maggie
  4880 | D:6      | Reached skill level 5 in Polearms
  5059 | D:6      | Reached skill level 6 in Axes
  5252 | D:6      | Reached XP level 9. HP: 78/78 MP: 8/8
  5286 | D:6      | Found a broken altar of Ashenzari.
  5432 | D:6      | Reached **** piety under Trog
  5597 | D:6      | Found an iron altar of Okawaru.
  5598 | D:6      | Found a bloodstained altar of Trog.
  5656 | D:6      | Reached skill level 7 in Axes
  5800 | D:7      | Found a flagged portal.
  5920 | D:7      | Found a hazy altar of Hepliaklqana.
  6034 | D:7      | Reached skill level 8 in Axes
  6068 | D:7      | Found a blossoming altar of Fedhas.
  6647 | D:8      | Reached skill level 5 in Dodging
  6678 | D:8      | Reached skill level 9 in Axes
  6831 | D:8      | Identified the +6 hand axe of the Mordant God {flame, rF++
                  | Will+}
  7359 | D:8      | Found a shimmering blue altar of Sif Muna.
  7388 | D:8      | Reached ***** piety under Trog
  7411 | D:9      | Found a shadowy altar of Dithmenos.
  7418 | D:9      | Reached skill level 10 in Axes
  7418 | D:9      | Reached XP level 10. HP: 65/86 MP: 9/9
  7516 | D:9      | Reached skill level 10 in Armour
  7847 | D:9      | Noticed Maurice
  7858 | D:9      | Killed Maurice
  8200 | D:9      | Reached skill level 11 in Axes
  8523 | D:10     | Entered Level 10 of the Dungeon
  8523 | D:10     | Found a staircase to the Lair.
  8771 | D:10     | Noticed Erolcha
  9018 | D:10     | Killed Erolcha
  9211 | D:10     | Found a white marble altar of Elyvilon.
  9272 | D:10     | HP: 2/90 [electric eel/bolt of electricity (8)]
  9583 | D:10     | Reached skill level 12 in Axes
  9588 | D:10     | Found an ornate altar of the Wu Jian Council.
  9769 | D:11     | Reached XP level 11. HP: 97/97 MP: 10/10
  9846 | D:11     | Noticed a centaur warrior
  9855 | D:11     | Noticed a green ugly thing
  9865 | D:11     | Killed a centaur warrior
  9866 | D:11     | Killed a green ugly thing
  9892 | D:11     | Reached skill level 13 in Axes
 10309 | D:11     | Identified the +1 pair of gloves "Teafos" {rElec rPois
                  | Str-3 Int-4}
 10845 | D:12     | Noticed a centaur warrior
 10855 | D:12     | Killed a centaur warrior
 10856 | D:12     | Reached skill level 10 in Fighting
 11028 | D:12     | Reached skill level 14 in Axes
 11396 | D:12     | Found a runed translucent door.
 11414 | D:12     | Found Jizuhor's Weapon Boutique.
 11448 | D:12     | Noticed Zeor's ghost (journeyman MiMo)
 11644 | D:12     | Noticed a two-headed ogre
 11649 | D:12     | Killed a two-headed ogre
 11650 | D:12     | Reached XP level 12. HP: 84/107 MP: 11/11
 11897 | D:12     | Found a staircase to the Orcish Mines.
 11985 | D:12     | Killed Zeor's ghost
 11990 | D:12     | Identified the staff of conjuration "Coymor" {Dex+5}
 12296 | D:13     | Reached skill level 15 in Axes
 12363 | D:13     | Noticed an eight-headed hydra
 12363 | D:13     | Noticed a centaur warrior
 12363 | D:13     | Noticed a catoblepas
 12363 | D:13     | Noticed a centaur warrior
 12363 | D:13     | Noticed a catoblepas
 12368 | D:13     | Noticed a centaur warrior
 12369 | D:13     | Noticed a centaur warrior
 12370 | D:13     | Noticed a centaur warrior
 12374 | D:13     | Noticed an ogre mage
 12935 | D:14     | Noticed a centaur warrior
 12938 | D:14     | Reached skill level 16 in Axes
 13454 | D:14     | Noticed a centaur warrior
 13498 | D:14     | Killed a centaur warrior
 13697 | D:14     | Noticed a centaur warrior
 13710 | D:14     | Killed a centaur warrior
 13840 | D:14     | Noticed Kirke
 13855 | D:14     | Reached XP level 13. HP: 118/118 MP: 12/12
 13855 | D:14     | Killed Kirke
 13977 | D:14     | Gained mutation: Your body sometimes deteriorates upon
                  | taking damage. [potion of mutation]
 13977 | D:14     | Gained mutation: Your spells are a little harder to cast,
                  | but a little more powerful. [potion of mutation]
 13977 | D:14     | Gained mutation: Your muscles are strong. (Str +4, Int/Dex
                  | -1) [potion of mutation]
 14256 | D:14     | Reached skill level 17 in Axes
 14394 | D:14     | Received a gift from Trog
 14579 | D:14     | Found a gate to the Vaults.
 15100 | D:13     | Reached skill level 18 in Axes
 15346 | D:13     | Reached skill level 15 in Armour
 15811 | Orc:1    | Entered Level 1 of the Orcish Mines
 15812 | Orc:1    | Noticed Snorg
 15825 | Orc:1    | Killed Snorg
 15828 | Orc:1    | Found a frozen archway.
 15829 | Orc:1    | Noticed Erica
 15840 | Orc:1    | Killed Erica
 16045 | IceCv    | Entered an ice cave
 16094 | IceCv    | Reached skill level 1 in Shields
 16094 | IceCv    | Reached XP level 14. HP: 85/129 MP: 13/13
 17371 | D:15     | Entered Level 15 of the Dungeon
 18122 | D:15     | Reached skill level 19 in Axes
 18123 | D:15     | Found a staircase to the Depths.
 18123 | D:15     | Noticed a frost giant
 18128 | D:15     | Killed a frost giant
 18442 | Depths:1 | Entered Level 1 of the Depths
 18456 | Depths:1 | Paralysed by a floating eye for 3 turns
 18583 | Depths:1 | Noticed a vampire knight
 18591 | Depths:1 | Killed a vampire knight
 18699 | Depths:1 | Reached skill level 15 in Fighting
 18774 | Depths:1 | Found a sacrificial altar of Ru.
 18879 | Depths:1 | Noticed a stone giant
 18888 | Depths:1 | Killed a stone giant
 18914 | Depths:1 | Noticed a sphinx
 18921 | Depths:1 | Killed a sphinx
 19031 | Depths:1 | Noticed a vampire knight
 19049 | Depths:1 | Killed a vampire knight
 19188 | Depths:1 | Found a gateway to Hell.
 19285 | Depths:1 | Noticed a fire giant
 19294 | Depths:1 | Killed a fire giant
 20157 | Depths:2 | Found a one-way gate leading to the halls of Pandemonium.
 20226 | Depths:2 | Found Kuecong's Book Emporium.
 20415 | Depths:2 | Received a gift from Trog
 20423 | Depths:2 | Reached XP level 15. HP: 141/141 MP: 8/14
 20527 | Depths:2 | Noticed a shadow dragon
 20553 | Depths:2 | Killed a shadow dragon
 20774 | Depths:2 | Noticed a quicksilver dragon
 20774 | Depths:2 | Noticed a juggernaut
 20785 | Depths:2 | Killed a juggernaut
 20806 | Depths:2 | Killed from afar by a quicksilver dragon

Illustrated notes

Levels and vault maps discovered:
D:1:      minmay_arrival_split_and_join, layout_basic,
          ebering_ecumenical_altar_box
D:2:      layout_loops_corners
D:3:      layout_basic, bloody_makhleb, palyth_stone_intersect,
          lemuel_flame_loot_1
D:4:      layout_loops_ring, lemuel_tele_altar, minmay_temple_entry_mist,
          grunt_decor_mini_mirrors
D:5:      layout_basic, chequers_temple_overflow_statue_of_worship,
          hangedman_decor_clover_reticule, hangedman_abyss_or_decor_stagger
D:6:      layout_loops_ring, grunt_temple_overflow_bloody_war,
          lemuel_round_altar, minmay_fire_ice_demons, uniq_maggie
D:7:      layout_gridville, marbit_many_paths, mainiacjoe_overflow_paths,
          enter_bailey_3, hangedman_decor_growths
D:8:      layout_loops_cross, led_sif_book
D:9:      hellmonk_crumbling_castle, layout_rooms, lemuel_crystal_altar,
          serial_bayou_pond_c, columned_hall_lemuel, serial_bayou_ford_a,
          minivault_10, uniq_maurice
D:10:     layout_loops_cross, nicolae_elyvilon_temple_path,
          mainiacjoe_overflow_tiny_flanked, lair_entry_dummy, uniq_erolcha
D:11:     layout_rooms, hangedman_fish_farm
D:12:     layout_gridville, orc_0_dummy, ebering_ghost_reflecting_pool,
          kennysheep_windowed_goal
D:13:     minmay_crescents, layout_loops_cross, minmay_misc_feat_rows
D:14:     layout_layer_cave, hangedman_vaults_entry_quadrant_bands,
          nicolae_two_hexagons, uniq_kirke
D:15:     grunt_enter_depths_snipers, layout_cave_pools,
          minmay_misc_feat_secret_circle, glass_columns_b
Orc:1:    layout_caves, portal_ice_cave_entry_pillars_1,
          mumra_transporter_accident, uniq_erica, uniq_nergalle, uniq_snorg
Depths:1: layout_gridville, nicolae_ru_awakened_eye, pf_hell_entry_tar_spiral,
          lemuel_old_faithful
Depths:2: minmay_tri_box, layout_honeycomb, pan_entry, hell_entry, serial_shops,
          nicolae_shop_tiny_waterfront, nzn_wu_jian_contemplation

Skill      XL: |  1  2  3  4  5  6  7  8  9 10 11 12 13 14 15 |
---------------+----------------------------------------------+-----
Axes           | 4 5 6 10 12 14 16 18 19 | 19.5
Fighting       | 4 5 6 7 9 10 12 13 15 | 15.9
Maces & Flails | 1 |  1.6
Armour         | 3 4 5 7 8 9 11 12 14 15 16 | 16.6
Polearms       | 1 2 3 6 |  6.7
Dodging        | 3 4 5 6 7 8 9 |  9.6
Shields        | 1 3 4 |  4.5

Action                     |  1- 3 |  4- 6 |  7- 9 | 10-12 | 13-15 || total
---------------------------+-------+-------+-------+-------+-------++-------
  Melee: Hand axe          |    76 |    16 |       |       |       ||    92
         Headbutt          |     6 |     7 |    22 |    57 |    86 ||   178
         Punch             |     2 |       |       |     3 |     2 ||     7
         Spear             |       |    66 |    38 |       |       ||   104
         Broad axe         |       |       |   132 |   301 |   384 ||   817
 Invoke: Berserk           |       |     1 |       |    16 |    14 ||    31
         Trog's Hand       |       |       |       |     3 |       ||     3
         Brothers in Arms  |       |       |       |     1 |       ||     1
    Use: Scroll            |       |       |    13 |     6 |     4 ||    23
         Potion            |       |       |     1 |     5 |    16 ||    22
 Armour: Chain mail        |    71 |    45 |   146 |   468 |   396 ||  1126
  Dodge: Dodged            |    45 |    67 |   192 |   485 |   367 ||  1156
  Block: Buckler           |       |       |       |       |    46 ||    46
         Kite shield       |       |       |       |       |    41 ||    41
